 Dungeon Crawl Stone Soup version 0.30.1-4-g462c640d31 (webtiles) character file.

Game seed: 9207896387372938390

208540 Zeor the Eclecticist (level 19, -3/94 HPs)
             Began as a Djinni Fire Elementalist on Aug 30, 2023.
             Was the Champion of Qazlal.
             Slain by an Executioner (20 damage)
             ... on level 3 of the Abyss on Aug 31, 2023.
             The game lasted 03:38:36 (25066 turns).

Zeor the Eclecticist (Djinni Fire Elementalist)    Turns: 25066, Time: 03:38:37

Health: -3/94      AC: 18    Str:  3      XL:     19   Next: 50%
Gold:   1298       EV: 22    Int: 22      God:    Qazlal [******] SH:  8 Dex: 20 (21)

rFire   . . .        a - melded +2 Maxwell's thermic engine {flame, freeze, rev}
rCold   . . .        (shield currently unavailable)
rNeg    . . .        v - melded +0 acid dragon scales of Powutaew {rN+ rCorr SInv}
rPois   ∞            Q - melded +0 helmet of the King of the Hill {Regen+}
rElec   +            D - melded +2 cloak
rCorr   .            l - melded +2 pair of gloves
SInv    .            (boots unavailable)
Will    +....        q - amulet of regeneration
Stlth   +            U - +4 ring of slaying
HPRegen 1.15/turn    N - +6 ring of dexterity
MPRegen 0.00/turn

%: random rage (3%), repel missiles, infuse magic (-4 HP)
@: storm-form, protected from physical damage, blinkbolt cooldown, flying
A: cleaving, insubstantial, flying, sickness immunity, (fire resistance 2),
(cold vulnerability 1[+2]), float, innate caster, HP casting, extra vitality 1,
dopey 1, [berserk 1], [deterioration 2], [frail 3], [screaming 2],
([teleportitis 1]), [weak 2], (cold vulnerability 1[+2]), [subdued magic 2]
}: 1/15 runes: serpentine
a: Blinkbolt, End Transformation, Renounce Religion, Upheaval, Elemental Force,
Disaster Area


You were on level 3 of the Abyss.
You worshipped Qazlal.
Qazlal was exalted by your worship.
You were a lightning-filled tempest!
You visited 6 branches of the dungeon, and saw 27 of its levels.
You visited the Abyss 1 time.
You also visited: Ice Cave and Volcano.

You collected 2706 gold pieces.
You spent 1408 gold pieces at shops.

Inventory:

Hand Weapons
 a - the +2 Maxwell's thermic engine (melded) {flame, freeze, rev}
   (You bought it in a shop on level 2 of the Orcish Mines)
 x - a +2 quarterstaff of draining
 M - the +11 rapier of Ucvot {antimagic, Fly Int+3 SInv}
   (You found it on level 8 of the Dungeon)

   Int:       It affects your intelligence (+3).
   SInv:      It lets you see invisible.
   Fly:       It grants you flight.
Missiles
 A - 5 throwing nets
 J - a curare-tipped dart
Armour
 l - a +2 pair of gloves (melded)
 v - the +0 acid dragon scales of Powutaew (melded) {rN+ rCorr SInv}
   (You found it on level 5 of the Lair of Beasts)

   rN:        It protects you from negative energy.
   SInv:      It lets you see invisible.
   rCorr:     It protects you from acid and corrosion.
 D - a +2 cloak (melded)
 G - a +1 hat of willpower
 K - a +0 troll leather armour
 Q - the +0 helmet of the King of the Hill (melded) {Regen+}
   (You found it on level 1 of the Lair of Beasts)

   Regen:     It increases your rate of health regeneration.
Magical Staves
 b - a staff of conjuration
 c - the staff of fire "Otoqe" {rPois rF+ Dex+3}
   (You acquired it on level 7 of the Dungeon)

   [staff of fire]

   Your inability to study Fire Magic prevents you from drawing on the full
   power of this staff in melee.
   Base accuracy: +5 Base damage: 5 Base attack delay: 1.2 This weapon's minimum
   attack delay (0.6) is reached at skill level 12.
   Dex:       It affects your dexterity (+3).
   rF:        It protects you from fire.
   rPois:     It protects you from poison.
   It falls into the 'Staves' category.
   It is a one-handed weapon.
 d - a staff of cold
 e - a staff of air
 f - a staff of poison
 g - a staff of earth
Jewellery
 k - the amulet of Vosuuvet {Acrobat rElec Int-2 Stlth+}
   (You found it on level 2 of the Lair of Beasts)

   [amulet of the acrobat]

   It increases your evasion while moving and waiting.
   Int:       It affects your intelligence (-2).
   rElec:     It insulates you from electricity.
   Stlth:     It makes you more stealthy.
 q - an amulet of regeneration (around neck)
 F - an amulet of reflection
 N - a +6 ring of dexterity (right fist)
 U - a +4 ring of slaying (left fist)
 W - a ring of protection from fire
Wands
 i - a wand of roots (13)
 u - a wand of paralysis (10)
 w - a wand of flame (47)
 C - a wand of acid (15)
 H - a wand of mindburst (7)
 O - a wand of digging (14)
Scrolls
 n - a scroll of immolation
 o - 2 scrolls of teleportation
 p - 4 scrolls of magic mapping
 B - 5 scrolls of poison
 I - a scroll of blinking
 L - 2 scrolls of enchant weapon
 P - 2 scrolls of brand weapon
 X - a scroll of enchant armour
Potions
 h - 7 potions of curing
 j - 3 potions of mutation
 m - 8 potions of lignification
 r - 4 potions of haste
 s - 2 potions of cancellation
 t - 4 potions of brilliance
 y - 4 potions of berserk rage
 z - 3 potions of ambrosia
 E - 2 potions of invisibility
 R - 7 potions of might
 S - a potion of resistance
 T - 2 potions of attraction
 V - a potion of heal wounds


   Skills:
 * Level 11.8 Fighting
 * Level 8.2 Long Blades
 + Level 9.0 Staves
 * Level 12.6 Armour
 + Level 8.1 Dodging
 - Level 2.4 Stealth
 + Level 5.3 Shields
 + Level 1.5 Unarmed Combat
 + Level 16.9 Spellcasting
 * Level 12.1 Invocations


You knew the following spells:

 Your Spells              Type           Power      Damage    Failure   Level
c - Frozen Ramparts       Ice            100%       1d16      0%          3
d - Death Channel         Necr           27%        N/A       1%          6
f - Foxfire               Conj/Fire      100%       2x1d9     0%          1
i - Inner Flame           Hex/Fire       55%        N/A       0%          3
m - Summon Small Mammal   Summ           100%       N/A       0%          1
n - Eringya's Noxious Bo  Tmut/Pois      27%        N/A       1%          6
p - Poisonous Vapours     Pois/Air       100%       N/A       0%          2
r - Searing Ray           Conj           100%       2d8       0%          2
s - Scorch                Fire           100%       2d9       0%          2
u - Yara's Violent Unrav  Hex/Tmut       27%        3d12      1%          5
v - Volatile Blastmotes   Fire/Tloc      100%       2d18      0%          3
w - Flame Wave            Conj/Fire      55%        2d13      0%          4
x - Silence               Hex/Air        27%        N/A       1%          5
S - Storm Form            Tmut/Air       27%        N/A       1%          7
Your spell library was empty.

Dungeon Overview and Level Annotations

Branches:
Dungeon (14/15)            Temple (1/1) D:5            Lair (5/5) D:11
 Shoals (0/4) Lair:2        Snake (4/4) Lair:2        Slime (0/5) Lair:5
    Orc (2/2) D:9             Elf (1/3) Orc:2        Vaults (0/5) D:13
  IceCv (visited)         Volcano (visited)

Altars:
Ashenzari
Cheibriados
Dithmenos
Elyvilon
Fedhas
Gozag
Hepliaklqana
Makhleb
Nemelex Xobeh
Okawaru
Qazlal
Ru
Trog
Uskayaw
Wu Jian
Xom
Yredelemnul
Zin
The Shining One
Jiyva

Shops:
D:4 *   Orc:1 (   Orc:2 *(=[

Annotations:
D:5 1 runed translucent door, Crazy Yiuf
D:8 2 runed translucent doors, Woods's ghost, novice GnTm
Snake:1 Roxanne


Innate Abilities, Weirdness & Mutations

You are a lightning-filled tempest!
Your electrical attacks strike out in all directions at once.
You are incredibly evasive.
Your insubstantial body is immune to petrification, constriction, and being set on fire You are flying.
Your armour is entirely melded.
You are incapable of wielding weapons or throwing items.
You are immune to sickness and miasma.
You are immune to poison.
((Your flesh is very heat resistant. (rF++)))
[((You are extremely vulnerable to cold. (rC---)))]
You float through the air rather than walking.
You learn spells naturally, not from books.
Your magical power is your life essence.
You have superior vitality. (+4 MHP)
You are dopey. (Int -2)
[You sometimes lose your temper in combat.]
[Your body often deteriorates upon taking damage.]
[You are extremely frail. (-30% HP)]
[You frequently scream uncontrollably at your foes.]
[((You are occasionally teleported next to monsters.))]
[You are very weak. (Str -4)]
[((You are extremely vulnerable to cold. (rC---)))]
[Your spells are easier to cast, but less powerful.]


Message History

The Executioner hits you but does no damage.
The Executioner closely misses you.
You block the large abomination's attack.
The Executioner closely misses you. You block the Executioner's attack.
The Executioner hits you.
* * * LOW HITPOINT WARNING * * *
You feel protected from physical attacks.
Unknown command.
Casting: Storm Form (dangerous; 1% risk of failure)
Confirm with . or Enter, or press ? or * to list all spells.
Casting: Flame Wave (safe; 0% risk of failure)
Press: ? - help, Dir - look around, f - activate A wave of flame ripples out!
The flame wave engulfs the large abomination!
The large abomination is almost destroyed.
The flame wave engulfs the Executioner.
The Executioner resists.
The Executioner is lightly wounded. (Press . to intensify the flame waves.)
* * * LOW HITPOINT WARNING * * *
You hear a croak.
The Executioner gestures.
The Executioner seems to speed up.
The large abomination closely misses you.
You block the Executioner's attack. The Executioner misses you.
The Executioner closely misses you.
You feel much better.
You hear a bark!
The Executioner hits you!
* * * LOW HITPOINT WARNING * * *
You feel more protected from physical attacks.
The Executioner misses you. The Executioner completely misses you.
You block the Executioner's attack. The Executioner misses you.
The Executioner hits you.
* * * LOW HITPOINT WARNING * * *
You feel more protected from physical attacks.
The large abomination is engulfed in blazing flames.
You destroy the large abomination!
Qazlal accepts your kill. The Executioner hits you!!
You die...

∙∙ ▒ ∙∙ ▒ ∙▒ ▒▒∙
▒∙ ∙▒ ▒∙∙
∙∙▒▒∙▒∙∙ ∙
∙∙∙∙∙▒∙∙∙∙▒∙∙∙
▒○∙▒▒∙∙∙∙∙∙▒∙
▒v1○∙▒∙ ∙∙∙▒ ∙
▒∙∙∙∙▒∙∙▒ ▒∙ ∙∙
▒∙○▒○○∙∙∙ ∙∙▒▒∙∙∙
▒∙▒ ∙▒∙∙∙∙▒∙∙∙∙▒▒
∙∙ ▒▒∙▒x∙∙▒∙∙∙∙▒
∙▒▒∙▒▒▒∙▒∙∙∙∙▒▒∙▒
▒∙ ▒∙∙∙∙∙▒D▒∙∙∙▒
∙ ∙∙▒▒∙▒∙x▒∙∙∙▒
▒▒ ∙▒∙▒∙∙▒


You could see a bunyip (very poisoned) and an Executioner (fast).

Vanquished Creatures
  Jorgrun (D:13)
  Asterion (Elf:1)
  A tentacled starspawn (Abyss:3)
  Gastronok (D:10)
  7 nagarajas
  Aizul (Snake:1)
  2 orc warlords
  Nessos (Lair:3)
  Azrael (Elf:1)
  2 dire elephants (Lair:2)
  A deep elf death mage (Elf:1)
  An ettin (Orc:2)
  Snorg (D:11)
  A deep elf high priest (Elf:1)
  Erolcha (Orc:1)
  6 hydras
  Harold (D:11)
  5 salamander tyrants
  16 anacondas
  2 catoblepae
  4 centaur warriors
  A death knight (D:14)
  7 two-headed ogres
  2 dancing weapons (Elf:1)
  2 boulder beetles
  19 naga warriors
  3 orc high priests
  6 shock serpents
  11 death yaks
  Urug (Lair:2)
  A thrashing horror (Abyss:3)
  13 naga sharpshooters
  Nergalle (Lair:2)
  4 deep elf knights (Elf:1)
  A skyshark (Lair:3)
  2 wretched stars (Abyss:3)
  6 large abominations (Abyss:3)
  3 skeletal warriors (D:13)
  A shadow wraith (Abyss:3)
  3 sea snakes (Snake:2)
  Amaemon (Lair:2)
  2 salamander mystics
  2 shadow demons (Abyss:3)
  A deep elf archer (Elf:1)
  A glowing orange brain (Abyss:3)
  7 naga ritualists
  2 phantasmal warriors (D:14)
  A wizard (D:13)
  4 orc knights (Orc:2)
  3 lindwurms
  4 deep elf pyromancers
  5 deep elf zephyrmancers (Elf:1)
  A harpy (shapeshifter) (Elf:1)
  4 cyclopes
  5 orc sorcerers
  15 mana vipers
  5 ugly things
  A merfolk siren (Lair:2)
  Maurice (Orc:1)
  15 salamanders
  A toenail golem (Volcano)
  A manticore (D:13)
  2 guardian serpents
  13 naga magi
  41 black mambas
  A smoke demon (Abyss:3)
  An apocalypse crab (Abyss:3)
  4 molten gargoyles (Volcano)
  An orange demon (Lair:2)
  6 elephants
  Maggie (Lair:2)
  A gargoyle (D:12)
  9 cane toads
  An unseen horror (D:10)
  7 rime drakes
  A kobold demonologist (D:10)
  2 ancient zymes (Abyss:3)
  4 freezing wraiths
  2 efreet (Volcano)
  An ice devil (IceCv)
  4 trolls
  9 komodo dragons
  5 polar bears (Lair:5)
  25 blink frogs
  6 hornets
  6 raiju (Abyss:3)
  A dream sheep (Lair:5)
  26 slime creatures
  15 spriggans (Lair:5)
  2 vampires
  An air elemental (Elf:1)
  3 wraiths
  6 wyverns
  38 yaks
  4 water elementals
  2 ynoxinuls (Abyss:3)
  9 fire elementals
  A golden eye (shapeshifter) (D:13)
  2 death yak simulacra (IceCv)
  4 steam dragons
  5 vampire mosquitoes (D:14)
  2 neqoxecs (Abyss:3)
  4 basilisks
  A chaos spawn (Abyss:3)
  5 swamp worms (Lair:1)
  5 wargs
  An acid dragon (D:13)
  37 nagas
  13 water moccasins
  3 hell hounds (Elf:1)
  39 orc warriors
  A black bear (shapeshifter) (D:14)
  3 ice beasts
  5 black bears
  4 ogres
  4 boggarts (Lair:5)
  9 centaurs
  29 wolves
  2 phantoms
  A kobold brigand (D:11)
  Blork the orc (Orc:2)
  4 gnoll sergeants
  10 bullfrogs
  6 small abominations (Abyss:3)
  A two-headed ogre simulacrum (IceCv)
  An earth elemental (Volcano)
  9 wights
  15 killer bees
  3 electric eels
  3 howler monkeys
  2 quasits (Abyss:3)
  A jelly (D:7)
  17 orc priests
  3 hounds
  2 iron imps
  2 starcursed masses (Abyss:3)
  3 sleepcaps
  2 iguanas
  Ijyb (D:3)
  42 orc wizards
  A troll simulacrum (IceCv)
  A wolf simulacrum (IceCv)
  Robin (D:2)
  7 adders
  22 gnolls
  A shadow imp (D:6)
  A white imp (D:6)
  2 ufetubi
  4 worms
  5 dart slugs
  78 orcs
  11 ball pythons
  7 bats
  8 endoplasms
  4 giant cockroaches
  14 hobgoblins
  13 jackals
  11 kobolds
  9 quokkas
  A frilled lizard (D:1)
  13 goblins
  9 rats
  2 fire vortices (Volcano)
  2 foxfires
  2 lurking horrors (Abyss:3)
  A starspawn tentacle (Abyss:3)
1024 creatures vanquished.

Vanquished Creatures (collateral kills)
  2 nagarajas (Snake:4)
  A salamander tyrant (Snake:2)
  A naga warrior (Snake:4)
  A shock serpent (Snake:4)
  3 naga sharpshooters
  A salamander mystic (Snake:2)
  A naga ritualist (Snake:2)
  A mana viper (Snake:2)
  A salamander (Snake:2)
  2 black mambas (Snake:2)
  A yak (Lair:4)
  10 nagas
25 creatures vanquished.

Vanquished Creatures (others)
  An air elemental (Elf:1)
  A starcursed mass (Abyss:3)
  A white imp (Abyss:3)
  508 foxfires
  A starspawn tentacle (Abyss:3)
512 creatures vanquished.

Grand Total: 1561 creatures vanquished

Notes
Turn   | Place    | Note
-------+----------+-------------------------------------------
     0 | D:1      | Zeor the Djinni Fire Elementalist began the quest for the
                  | Orb.
     0 | D:1      | Zeor set off with the following spells memorised: Foxfire,
                  | Scorch, Volatile Blastmotes, Inner Flame, Flame Wave.
     0 | D:1      | Reached XP level 1. HP: 15/15 MP: 0/0
   168 | D:1      | Reached XP level 2. HP: 18/21 MP: 0/0
   312 | D:1      | Reached skill level 3 in Spellcasting
   370 | D:1      | Reached XP level 3. HP: 22/25 MP: 0/0
   370 | D:1      | Learned a level 1 spell: Summon Small Mammal
   985 | D:2      | Reached XP level 4. HP: 24/31 MP: 0/0
  1319 | D:2      | Noticed Robin
  1328 | D:2      | Reached skill level 1 in Armour
  1335 | D:2      | Killed Robin
  1336 | D:2      | Reached XP level 5. HP: 4/36 MP: 0/0
  1336 | D:2      | Learned a level 2 spell: Poisonous Vapours
  1650 | D:2      | Reached skill level 4 in Spellcasting
  2191 | D:3      | Reached XP level 6. HP: 27/41 MP: 0/0
  2290 | D:3      | Reached skill level 1 in Fighting
  2915 | D:3      | Noticed Ijyb
  2919 | D:3      | Killed Ijyb
  3194 | D:4      | Noticed an ice beast
  3200 | D:4      | Killed an ice beast
  3201 | D:4      | Reached skill level 5 in Spellcasting
  3201 | D:4      | Reached XP level 7. HP: 45/47 MP: 0/0
  3201 | D:4      | Learned a level 2 spell: Searing Ray
  3423 | D:4      | Reached skill level 1 in Long Blades
  3840 | D:4      | Found Deitutoj's Gadget Gallery.
  3900 | D:5      | Entered Level 5 of the Dungeon
  3916 | D:5      | Found a staircase to the Ecumenical Temple.
  3923 | D:5      | Reached XP level 8. HP: 51/55 MP: 0/0
  3925 | D:5      | Reached skill level 6 in Spellcasting
  3958 | Temple   | Entered the Ecumenical Temple
  4218 | Temple   | Became a worshipper of Qazlal Stormbringer
  4263 | D:5      | Found a runed translucent door.
  4264 | D:5      | Noticed Crazy Yiuf
  4527 | D:5      | Found a shimmering altar of Xom.
  5053 | D:6      | Reached skill level 1 in Invocations
  5055 | D:6      | Reached skill level 7 in Spellcasting
  5080 | D:6      | Reached XP level 9. HP: 58/60 MP: 0/0
  5080 | D:6      | Learned a level 3 spell: Frozen Ramparts
  5082 | D:6      | Reached * piety under Qazlal
  5303 | D:6      | Found an iron altar of Okawaru.
  5628 | D:6      | Found a blossoming altar of Fedhas.
  5634 | D:6      | Found a sparkling altar of Nemelex Xobeh.
  5637 | D:6      | Found a broken altar of Ashenzari.
  6248 | D:7      | Reached ** piety under Qazlal
  6541 | D:7      | Reached skill level 8 in Spellcasting
  6624 | D:7      | Identified a scroll of acquirement
  6624 | D:7      | Acquired the staff of fire "Otoqe" {rPois rF+ Dex+3}
  6807 | D:7      | Found a snail-covered altar of Cheibriados.
  7222 | D:8      | Reached XP level 10. HP: 62/67 MP: 0/0
  7247 | D:8      | Found a large runed translucent door.
  7247 | D:8      | Found a large runed translucent door.
  7248 | D:8      | Noticed Woods's ghost (novice GnTm)
  7284 | D:8      | Reached skill level 1 in Staves
  7604 | D:8      | Reached skill level 9 in Spellcasting
  7697 | D:8      | Found a burning altar of Makhleb.
  7895 | D:9      | Found a staircase to the Orcish Mines.
  8009 | D:9      | Reached *** piety under Qazlal
  8382 | D:9      | Reached XP level 11. HP: 63/74 MP: 0/0
  8382 | D:9      | Learned a level 5 spell: Silence
  8493 | D:10     | Entered Level 10 of the Dungeon
  8514 | D:10     | Noticed a two-headed ogre
  8519 | D:10     | Killed a two-headed ogre
  8520 | D:10     | Reached skill level 5 in Armour
  8520 | D:10     | Reached skill level 10 in Spellcasting
  8577 | D:10     | Noticed Gastronok
  8589 | D:10     | Killed Gastronok
  8592 | D:10     | Noticed a two-headed ogre
  8597 | D:10     | Killed a two-headed ogre
  8598 | D:10     | Reached skill level 5 in Fighting
  8865 | D:10     | Found a hazy altar of Hepliaklqana.
  8953 | D:10     | Noticed a two-headed ogre
  8972 | D:10     | Killed a two-headed ogre
  9310 | D:11     | Noticed Snorg
  9318 | D:11     | Killed Snorg
  9318 | D:11     | Reached **** piety under Qazlal
  9319 | D:11     | Reached skill level 5 in Invocations
  9319 | D:11     | Reached XP level 12. HP: 37/81 MP: 0/0
  9332 | D:11     | Noticed Harold
  9438 | D:11     | Noticed a two-headed ogre
  9443 | D:11     | Noticed a two-headed ogre
  9444 | D:11     | Noticed a two-headed ogre
  9447 | D:10     | Killed a two-headed ogre
  9531 | D:11     | Found a staircase to the Lair.
  9577 | D:11     | Killed Harold
  9578 | D:11     | Reached skill level 11 in Spellcasting
  9669 | D:11     | Reached skill level 5 in Staves
  9703 | D:11     | Killed a two-headed ogre
  9769 | D:11     | Found a frozen archway.
  9777 | D:11     | go go gadget bad ideas
  9779 | IceCv    | Entered an ice cave
  9831 | IceCv    | nopenopenope
  9903 | D:11     | Killed a two-headed ogre
 10084 | D:12     | Noticed a boulder beetle
 10099 | D:12     | Killed a boulder beetle
 10100 | D:12     | Reached skill level 1 in Shields
 10107 | D:12     | Noticed a two-headed ogre
 10114 | D:12     | Killed a two-headed ogre
 10115 | D:12     | Reached skill level 5 in Dodging
 10167 | D:12     | Reached ***** piety under Qazlal
 10277 | D:12     | Reached XP level 13. HP: 79/88 MP: 0/0
 10277 | D:12     | Learned a level 5 spell: Yara's Violent Unravelling
 10742 | Lair:1   | Entered Level 1 of the Lair of Beasts
 10980 | Lair:1   | Reached skill level 12 in Spellcasting
 10991 | Lair:1   | Found a transporter.
 11066 | Lair:1   | Found a transporter.
 11470 | Lair:2   | Noticed Amaemon
 11471 | Lair:2   | Noticed a seven-headed hydra
 11478 | Lair:2   | Killed a seven-headed hydra
 11481 | Lair:2   | Killed Amaemon
 11481 | Lair:2   | Noticed a seven-headed hydra
 11487 | Lair:2   | Killed a seven-headed hydra
 11494 | Lair:2   | Found a staircase to the Snake Pit.
 11557 | Lair:2   | Noticed an eight-headed hydra
 11564 | Lair:2   | Killed an eight-headed hydra
 11589 | Lair:2   | Noticed Nergalle
 11615 | Lair:2   | Killed Nergalle
 11774 | Lair:2   | Noticed Maggie
 11782 | Lair:2   | Killed Maggie
 11915 | Lair:2   | Found a runed translucent door.
 11939 | Lair:2   | Noticed a dire elephant
 11939 | Lair:2   | Noticed a dire elephant
 12015 | Lair:2   | Found a staircase to the Shoals.
 12058 | Lair:2   | Noticed an eight-headed hydra
 12067 | Lair:2   | Killed an eight-headed hydra
 12123 | Lair:2   | Noticed Urug
 12132 | Lair:2   | Killed Urug
 12133 | Lair:2   | Reached XP level 14. HP: 87/97 MP: 0/0
 12704 | Lair:1   | Identified the +0 helmet of the King of the Hill {Regen+}
 12872 | Lair:2   | Killed a dire elephant
 12895 | Lair:2   | Killed a dire elephant
 12934 | Lair:2   | Identified the amulet of Vosuuvet {Acrobat rElec Int-2
                  | Stlth+}
 13082 | Lair:3   | Found a dark tunnel.
 13087 | Volcano  | Entered a volcano
 13114 | Volcano  | Reached skill level 13 in Spellcasting
 13446 | Lair:3   | Noticed Nessos
 13458 | Lair:3   | Killed Nessos
 14170 | Lair:4   | Reached ****** piety under Qazlal
 14384 | Lair:4   | Reached XP level 15. HP: 100/104 MP: 0/0
 14384 | Lair:4   | Learned a level 6 spell: Eringya's Noxious Bog
 14768 | Lair:5   | Entered Level 5 of the Lair of Beasts
 14919 | Lair:5   | Reached skill level 14 in Spellcasting
 15127 | D:8      | Identified the +11 rapier of Ucvot {antimagic, Fly Int+3
                  | SInv}
 15369 | Lair:5   | Found a viscous altar of Jiyva.
 15373 | Lair:5   | Found a staircase to the Slime Pits.
 15629 | Lair:5   | Identified the +0 acid dragon scales of Powutaew {rN+ rCorr
                  | SInv}
 16305 | Orc:1    | Entered Level 1 of the Orcish Mines
 16315 | Orc:1    | Noticed Erolcha
 16321 | Orc:1    | Noticed an orc warlord
 16327 | Orc:1    | Killed Erolcha
 16331 | Orc:1    | Killed an orc warlord
 16590 | Orc:2    | Entered Level 2 of the Orcish Mines
 16612 | Orc:2    | Reached skill level 10 in Armour
 16615 | Orc:2    | Reached XP level 16. HP: 79/112 MP: 0/0
 16704 | Orc:2    | Found a staircase to the Elven Halls.
 16827 | Orc:2    | Noticed Blork the orc
 16833 | Orc:2    | Killed Blork the orc
 16928 | Orc:2    | Found Ynys's Antique Armour Emporium.
 16960 | Orc:2    | Found Enuas's Jewellery Emporium.
 16976 | Orc:2    | Found Napybb's General Store.
 17023 | Orc:2    | Found Gach's Antique Weapon Emporium.
 17031 | Orc:2    | Bought the +2 Maxwell's thermic engine {flame, freeze, rev}
                  | for 1408 gold pieces
 17031 | Orc:2    | Found the +2 Maxwell's thermic engine {flame, freeze, rev}
 17460 | Orc:1    | Found Itwuolem's Weapon Shoppe.
 17472 | Orc:1    | Noticed Maurice
 17481 | Orc:1    | Killed Maurice
 17963 | D:13     | Found a gate to the Vaults.
 18301 | D:13     | Noticed Jorgrun
 18314 | D:13     | Killed Jorgrun
 18622 | D:14     | Reached skill level 15 in Spellcasting
 18705 | D:14     | Reached skill level 10 in Invocations
 18710 | D:14     | Reached skill level 10 in Fighting
 18980 | D:14     | Found a broken altar of Ashenzari.
 19571 | Snake:1  | Entered Level 1 of the Snake Pit
 19661 | Snake:1  | Identified Roxanne's Elucidation of Topography
 19661 | Snake:1  | Noticed Roxanne
 20020 | Snake:1  | Noticed Aizul
 20030 | Snake:1  | Killed Aizul
 20098 | Snake:1  | Reached XP level 17. HP: 100/119 MP: 0/0
 20098 | Snake:1  | Learned a level 6 spell: Death Channel
 20575 | Snake:2  | Reached skill level 5 in Long Blades
 21420 | Snake:2  | Identified the +1 hand axe of Agony {flame, rF++ Dex+7}
 21960 | Snake:3  | Reached XP level 18. HP: 117/126 MP: 0/0
 22458 | Snake:3  | Reached skill level 16 in Spellcasting
 22715 | Snake:4  | Entered Level 4 of the Snake Pit
 23212 | Snake:4  | Identified the +12 whip "Pasi" {holy, rPois rN++ Int+3
                  | Dex-2}
 23447 | Snake:4  | Reached skill level 5 in Shields
 23692 | Snake:4  | Reached XP level 19. HP: 119/133 MP: 0/0
 23692 | Snake:4  | Learned a level 7 spell: Storm Form
 23881 | Snake:4  | Got a serpentine rune of Zot
 24321 | Elf:1    | Entered Level 1 of the Elven Halls
 24477 | Elf:1    | Noticed Asterion
 24486 | Elf:1    | Killed Asterion
 24663 | Elf:1    | Noticed Azrael
 24670 | Elf:1    | Reached skill level 1 in Unarmed Combat
 24670 | Elf:1    | Killed Azrael
 24747 | Abyss:3  | Found a corrupted altar of Lugonu.
 24747 | Abyss:3  | Cast into level 3 of the Abyss (a deep elf sorcerer)
 24778 | Abyss:3  | Gained mutation: You are dopey. (Int -2) [a neqoxec]
 24794 | Abyss:3  | Noticed a profane servitor
 25018 | Abyss:3  | Noticed a bone dragon
 25031 | Abyss:3  | Noticed a lich
 25043 | Abyss:3  | Noticed a bone dragon
 25057 | Abyss:3  | Noticed a hellephant
 25066 | Abyss:3  | Slain by an Executioner

Illustrated notes

▒∙▒∙ ▒▒∙∙∙∙∙∙∙∙∙∙∙
▒∙▒▒▒▒▒∙∙∙∙∙∙∙†∙∙∙∙∙
▒∙∙▒∙∙∙∙∙∙∙∙∙∙▒∙∙∙∙▒
▒▒▒▒∙∙∙∙∙∙∙▒▒∙▒∙∙▒∙∙∙∙
∙∙∙∙∙∙∙∙[∙▒▒▒∙∙∙≈∙▒∙∙▒▒▒▒
∙∙∙∙∙∙∙∙∙▒▒▒▒∙∙∙∙▒≈∙∙∙∙∙▒▒
∙∙▒∙∙∙∙∙∙∙∙∙∙∙▒○∙≈▒≈∙∙∙∙∙▒
∙ ▒∙∙∙∙∙∙∙∙∙∙≈▒∙∙°°▒∙∙∙∙▒
∙∙∙∙∙∙∙∙▒∙∙∙≈▒∙R∙∙∙≈∙▒▒
∙∙∙∙∙∙∙∙∙▒▒▒∙≈▒∩∙∙○∙∙∙∙▒
∙∙∙∙▒∙▒▒▒▒ ▒∙≈▒▒▒▒▒∙∙∙∙▒


∙∙∙∙∙∙ ▒▒≈≈≈≈≈∙∙∙∙▒▒ ∙▒▒∙∙ ▒▒∙∙∙∙∙∙∙∙▒▒▒ ∙ ▒∙▒▒▒∙∙∙∙∙∙▒ ▒∙∙∙∙∙∙∙∙∙▒▒ ▒▒▒▒▒▒▒▒▒▒▒
Turn 9777 on D:11: go go gadget bad ideas ∙∙∙∙∙∙∙∙∙∙∙∙∙∙∙ ▒∙∙∙∙∙∙∙∙∙∙∙∙∙▒
▒∙∙∙∙∙∙∙∙∙∙∙∙∙▒ ▒∙∙∙∙∙∙∙∙∙∙∙▒ ▒▒8▒∙∙∙∙∙▒8▒▒ ▒▒∙∙∙▒▒ ▒∙∙∙▒▒ ▒▒○∙∙▒ ▒▒R∙∙▒ ▒∙°∙▒▒
▒▒○∙∙▒▒ ▒▒∙∙∙∙∙▒▒ ▒∙∙∙∩∙∙∙▒ ▒∙∙∙∩∙∙∙▒ ▒▒∙∙∙∙∙▒▒ ▒▒∙∙∙▒▒ ▒▒▒▒▒ Turn 9831 on
IceCv: nopenopenope

Levels and vault maps discovered:
D:1:      saegor_arrival_fortress, layout_basic, bh_walls_and_bars
D:2:      layout_basic, minmay_3d_cube, uniq_robin
D:3:      layout_basic, kennysheep_orc_sif_temple, minmay_starry_boxes,
          uniq_ijyb
D:4:      layout_cave_pools, serial_rivers, chequers_serial_rivers_micro_e,
          chequers_serial_rivers_large_b, chequers_serial_rivers_small_3,
          chequers_serial_rivers_micro_a, chequers_serial_rivers_large_a,
          chequers_serial_rivers_micro_a, nicolae_shop_gadgets
D:5:      layout_cave_pools, xom_butterflies, minmay_temple_entry_mini_moons,
          mrwooster_statue_mirror, minmay_misc_feat_rugged,
          small_statue_intersection, uniq_crazy_yiuf_cottage
D:6:      minmay_flawed_box, layout_loops_ring, minitemple,
          chequers_serial_rivers_small_b
D:7:      layout_layer_cave, slow_altar_2
D:8:      layout_basic, makhleb_blood_cavern_becter,
          ebering_ghost_disaster_area, minivault_21, hangedman_decor_riveting
D:9:      layout_loops_ring, david_orc_2
D:10:     minmay_general_purpose_star, layout_basic,
          mainiacjoe_overflow_catwalk, uniq_gastronok
D:11:     layout_cave_pools, dpeg_oklobed_lair, portal_ice_cave_rime,
          uniq_harold, uniq_snorg
D:12:     layout_rooms, nicolae_concentric_dashed_squares_mild
D:13:     layout_roguey, david_vaults_4, uniq_jorgrun
D:14:     layout_loops_ring, serial_bayou_lagoon_a, evilmike_ruin_ashenzari
Temple:   oiseaux_autumnal_temple
Lair:1:   gammafunk_worm_tunnel, layout_chaotic_city, st_stairs_4
Lair:2:   gammafunk_lair_enchanted_lake, layout_regular_city,
          minmay_shoals_entry_lonely_mermaid, guppyfry_snake_entry_island,
          basic_altar, uniq_amaemon, uniq_nergalle, uniq_urug, uniq_maggie
Lair:3:   layout_regular_city, enter_volcano_4, uniq_nessos
Lair:4:   layout_gridlike, st_stairs_10, serial_bayou_crossing
Lair:5:   minmay_lair_end_enchanted_forest, layout_concentric_octagons,
          slime_entry_1, serial_bayou_pond_b, grunt_megastairs_4,
          serial_bayou_shore_b
Snake:1:  layout_grid_maze, nicolae_snake_yet_another_twisty_hallway,
          uniq_aizul, uniq_roxanne
Snake:2:  layout_concentric_octagons, nicolae_snake_scaly_snakehead,
          serial_bayou_shore_a
Snake:3:  layout_gridlike
Snake:4:  minmay_snake_end_coiled, layout_gridlike, grunt_megastairs_2
Orc:1:    layout_diamond_mine, serial_shops, nicolae_shop_tiny_statue_garden,
          uniq_erolcha, uniq_maurice
Orc:2:    grunt_orc_cross, layout_caves
Elf:1:    elf_arrival_001, layout_geoelf_octagon, hangedman_elf_represent,
          bh_hangedman_babel_library, uniq_asterion, uniq_azrael, uniq_donald
Abyss:3:  base: WizLab, base: D:11, bh_abyss_negative,
          doesnt_abyss_rune_brain_food, hangedman_abyss_or_decor_passed,
          hangedman_eye_storm, dshaligram_kb_abyss_rune_zappy_water_cross,
          gammafunk_abyss_rune_reverse_zot, minivault_25_ag,
          hangedman_abyss_batty_box, nicolae_abyss_rune_star_stuff

Skill      XL: |  1  2  3  4  5  6  7  8  9 10 11 12 13 14 15 16 17 18 19 |
---------------+----------------------------------------------------------+-----
Spellcasting   | 3 4 5 7 8 9 10 11 12 13 14 15 16 | 16.9
Armour         | 1 2 3 4 6 7 8 10 11 12 | 12.6
Stealth        | 2 |  2.4
Fighting       | 1 2 3 4 5 6 7 8 9 10 11 | 11.8
Long Blades    | 1 2 4 6 7 8 |  8.2
Invocations    | 1 2 4 5 6 7 8 9 10 11 12 | 12.1
Dodging        | 3 4 5 6 7 8 |  8.1
Staves         | 3 4 5 6 7 8 9 |  9.0
Shields        | 1 2 3 4 5 |  5.3
Unarmed Combat | 1 |  1.5

Action                     |  1- 3 |  4- 6 |  7- 9 | 10-12 | 13-15 | 16-18 | 19-21 || total
---------------------------+-------+-------+-------+-------+-------+-------+-------++-------
  Melee: Dagger            |       |    10 |    12 |       |       |       |       ||    22
         Staff             |       |       |     3 |     2 |     2 |       |       ||     7
         Quarterstaff      |       |       |     2 |    24 |    87 |     3 |       ||   116
         Punch             |       |       |       |       |     1 |     2 |     3 ||     6
         Double sword      |       |       |       |       |       |   193 |    44 ||   237
         Unarmed           |       |       |       |       |       |       |    33 ||    33
   Cast: Foxfire           |    36 |    59 |    75 |    45 |    62 |    16 |       ||   293
         Scorch            |    13 |    49 |    51 |    56 |   148 |    83 |     6 ||   406
         Volatile Blastmot |     3 |     3 |     2 |     7 |       |     8 |     2 ||    25
         Inner Flame       |       |     5 |     1 |    16 |    28 |    51 |     4 ||   105
         Poisonous Vapours |       |       |    16 |    19 |    11 |     3 |       ||    49
         Flame Wave        |       |       |    14 |    33 |    69 |    46 |    16 ||   178
         Searing Ray       |       |       |    19 |    35 |    65 |   103 |    10 ||   232
         Frozen Ramparts   |       |       |     5 |     3 |    30 |   116 |    30 ||   184
         Summon Small Mamm |       |       |       |     3 |       |       |       ||     3
         Silence           |       |       |       |     1 |     2 |     1 |       ||     4
         Yara's Violent Un |       |       |       |       |    13 |    22 |     2 ||    37
         Eringya's Noxious |       |       |       |       |    28 |    64 |     8 ||   100
         Death Channel     |       |       |       |       |       |     8 |       ||     8
         Storm Form        |       |       |       |       |       |       |     8 ||     8
 Invoke: Elemental Force   |       |       |       |       |     1 |       |     1 ||     2
         Disaster Area     |       |       |       |       |     1 |       |       ||     1
         Upheaval          |       |       |       |       |       |     1 |       ||     1
Ability: Blinkbolt         |       |       |       |       |       |       |     7 ||     7
  Evoke: Wand              |       |       |       |       |     1 |       |       ||     1
    Use: Scroll            |     1 |    11 |    10 |     4 |     6 |     6 |     2 ||    40
         Potion            |       |     1 |       |       |     2 |     2 |     4 ||     9
   Stab: Sleeping          |       |     1 |       |       |       |       |       ||     1
 Armour: Leather armour    |     2 |     8 |    25 |    32 |       |       |       ||    67
         Troll leather arm |       |       |       |     5 |    92 |       |       ||    97
         Acid dragon scale |       |       |       |       |     5 |   159 |    26 ||   190
         Skin              |       |       |       |       |       |       |    19 ||    19
  Dodge: Dodged            |     7 |    10 |    25 |    80 |   174 |   254 |   124 ||   674
         Repelled          |       |       |       |     3 |    15 |    28 |     8 ||    54
  Block: Other             |       |       |     1 |    23 |    99 |   185 |    57 ||   365
